 Dungeon Crawl Stone Soup version 0.20.1-1-g8b1a95d (webtiles) character file.

73 vatarom the Gusty (level 4, 0/32 HPs)
             Began as a Demonspawn Air Elementalist on Oct 1, 2017.
             Slain by an orc priest
             ... wielding a +0 dagger of draining
              (1 damage)
             ... on level 3 of the Dungeon.
             The game lasted 00:06:33 (2248 turns).

vatarom the Gusty (Demonspawn Air Elementalist)     Turns: 2248, Time: 00:06:34

Health: 0/32       AC:  2    Str:  9    XL:     4   Next: 8%
Magic:  0/8        EV: 13    Int: 17    God:
Gold:   104        SH:  0    Dex: 13    Spells: 2/8 levels left

rFire    . . .     SeeInvis .   d - +0 dagger
rCold    . . .     Gourm    .   (no shield)
rNeg     . . .     Faith    .   a - +0 robe
rPois    .         Spirit   .   (helmet restricted)
rElec    .         Reflect  .   (no cloak)
rCorr    .         Harm     .   (no gloves)
MR       .....                  (no boots)
Stlth    +.........             (no amulet)
Regen    0.1/turn               e - ring of wizardry
MPRegen  0.2/turn               (no ring)

@: heavily drained
A: horns 1, repulsion field 1
a: no special abilities


You were on level 3 of the Dungeon.
You were not hungry.

You visited 1 branch of the dungeon, and saw 3 of its levels.

You collected 104 gold pieces.

Inventory:

Hand Weapons
 d - a +0 dagger (weapon)
Armour
 a - a +0 robe (worn)
Jewellery
 e - a ring of wizardry (left hand)
Potions
 f - a potion of invisibility
Books
 b - a book of Air

   Spells                             Type                      Level
   a - Shock                          Conjuration/Air              1
   b - Swiftness                      Charms/Air                   2
   c - Static Discharge               Conjuration/Air              3
   d - Airstrike                      Air                          4
   e - Lightning Bolt                 Conjuration/Air              5
Comestibles
 c - 2 bread rations


   Skills:
 + Level 1.3(0.0) Fighting
 - Level 1.7(0.0) Dodging
 - Level 1.7(0.0) Stealth
 + Level 2.7(0.7) Spellcasting
 - Level 1.2(0.0) Conjurations
 * Level 3.6(1.6) Air Magic


You had 2 spell levels left.
You knew the following spells:

 Your Spells              Type           Power        Failure   Level  Hunger
a - Shock                 Conj/Air       #...         6%          1    ##.....
b - Swiftness             Chrm/Air       #.......     10%         2    ###....
c - Static Discharge      Conj/Air       #.......     19%         3    ####...


Dungeon Overview and Level Annotations

Branches:
Dungeon (3/15)

Altars:


Innate Abilities, Weirdness & Mutations

You have a pair of small horns on your head.
You are surrounded by a mild repulsion field. (EV +2)


Message History

You feel drained.
You hit the orc priest but do no damage.
The orc priest is almost dead.
The orc priest mumbles some strange prayers to Beogh against you.
Pain shoots through your body!
* * * LOW HITPOINT WARNING * * *
You barely miss the orc priest.
You headbutt the orc priest, but do no damage.
The orc priest is almost dead.
The orc priest hits you with a dagger of draining.
* * * LOW HITPOINT WARNING * * *
You feel drained.
* * * LOW HITPOINT WARNING * * *
You hit the orc priest but do no damage.
The orc priest is almost dead.
The orc priest closely misses you.
You hit the orc priest but do no damage.
The orc priest is almost dead.
The orc priest hits you with a dagger of draining.
You die...

##############
......o@.....#
############.#
#.# #.# #.#
#.# #.# #.#
#.#


You could see an orc priest.

Vanquished Creatures
  3 adders (D:2)
  2 worms (D:2)
  2 dart slugs
  A leopard gecko (D:1)
  An orc (D:3)
  A giant cockroach (D:1)
  3 hobgoblins
  4 kobolds
  A quokka (D:2)
  A ball python (D:1)
  4 bats
  4 frilled lizards
  7 goblins
  4 rats
38 creatures vanquished.

Notes
Turn   | Place    | Note
-------+----------+-------------------------------------------
     0 | D:1      | vatarom the Demonspawn Air Elementalist began the quest for the Orb.
     0 | D:1      | Reached XP level 1. HP: 13/13 MP: 3/3
   492 | D:1      | Gained mutation: You have a pair of small horns on your head. [demonic ancestry]
   492 | D:1      | Reached XP level 2. HP: 20/20 MP: 0/5
   499 | D:1      | Learned a level 2 spell: Swiftness
   645 | D:1      | Reached skill level 3 in Air Magic
   976 | D:2      | Reached skill level 1 in Fighting
  1102 | D:2      | Reached XP level 3. HP: 25/26 MP: 3/6
  1112 | D:2      | Learned a level 3 spell: Static Discharge
  1826 | D:2      | Gained mutation: You are surrounded by a mild repulsion field. (EV +2) [demonic ancestry]
  1826 | D:2      | Reached XP level 4. HP: 32/32 MP: 1/8
  2246 | D:3      | HP: 1/32 [orc priest/dagger of draining (2)]
  2248 | D:3      | Slain by an orc priest

Skill      XL: |  1  2 |
---------------+-------+-----
Air Magic      | 3 |  3.6
Fighting       | 1 |  1.3
Dodging        | |  1.7
Stealth        | |  1.7
Spellcasting   | |  2.7
Conjurations   | |  1.2

Action                   |  1- 3 |  4- 6 || total
-------------------------+-------+-------++-------
Melee: Dagger            |    48 |    15 ||    63
       Unarmed           |     2 |       ||     2
       Headbutt          |     4 |     1 ||     5
 Cast: Shock             |    48 |     9 ||    57
       Static Discharge  |     1 |     2 ||     3
  Use: Scroll            |     3 |     1 ||     4
       Potion            |     5 |     1 ||     6
 Stab: Sleeping          |     4 |       ||     4
  Eat: Chunk             |     3 |     1 ||     4
       Royal jelly       |       |     1 ||     1
Armor: Robe              |    30 |       ||    30
Dodge: Dodged            |    54 |     7 ||    61
